 Dungeon Crawl Stone Soup version 0.27-a0-1572-gacd6f1ce93 (webtiles) character file.

Game seed: 12052501170903846522

1001 MirrMurr the Poker (level 8, 0/60 HPs)
             Began as a Demonspawn Gladiator on July 17, 2021.
             Slain by a gnoll sergeant (9 damage)
             ... on level 5 of the Dungeon.
             The game lasted 00:09:12 (5718 turns).

MirrMurr the Poker (Demonspawn Gladiator)           Turns: 5718, Time: 00:09:12

Health: 0/60       AC:  7    Str: 16    XL:     8   Next: 0%
Magic:  8/8        EV: 14    Int: 10    God:
Gold:   211        SH:  0    Dex: 15    Spells: 7/7 levels left

rFire    . . .     SeeInvis .   a - +0 trident
rCold    + . .     Faith    .   (no shield)
rNeg     . . .     Spirit   .   r - +0 scale mail
rPois    .         Reflect  .   c - +0 helmet
rElec    .         Harm     .   (no cloak)
rCorr    .         Rampage  .   (no gloves)
Will     .....                  (no boots)
Stlth    ..........             (no amulet)
HPRegen  0.20/turn              l - ring of protection from cold
MPRegen  0.11/turn              (no ring)

@: hasted, studying Throwing, very quick
A: claws 2, repulsion field 2, powered by death 1
a: no special abilities


You were on level 5 of the Dungeon.
You visited 1 branch of the dungeon, and saw 6 of its levels.

You collected 211 gold pieces.

Inventory:

Hand Weapons
 a - a +0 trident (weapon)
Missiles
 d - 3 throwing nets
 e - 149 stones
 j - 5 silver javelins
 n - 8 boomerangs (quivered)
Armour
 c - a +0 helmet (worn)
 r - a +0 scale mail (worn)
Jewellery
 l - a ring of protection from cold (left claw)
Scrolls
 f - a scroll of silence
 h - 2 scrolls of blinking
 i - 3 scrolls of identify
 k - 2 scrolls of teleportation
 m - a scroll of vulnerability
 s - a scroll of torment
Potions
 b - 2 potions of attraction
 g - a potion of haste
 o - a potion of brilliance
 q - 3 potions of might


   Skills:
 + Level 4.1 Fighting
 * Level 5.5 Polearms
 + Level 4.8 Throwing
 + Level 3.1 Armour
 + Level 4.3 Dodging


You had 7 spell levels left.
You didn't know any spells.
Your spell library contained the following spells:

 Spells                   Type           Power      Damage    Failure   Level
 Sandblast                Erth           0%         2d4       80%         1
 Passwall                 Tmut/Erth      0%         N/A       90%         2
 Tukima's Dance           Hex            0%         N/A       99%         3
 Passage of Golubria      Tloc           N/A        N/A       100%        4
 Lee's Rapid Deconstruct  Erth           0%         3d5*      100%        5
 Yara's Violent Unravell  Hex/Tmut       0%         3d3       100%        5


Dungeon Overview and Level Annotations

Branches:
Dungeon (6/15)             Temple (0/1) D:5

Altars:
Cheibriados
Elyvilon
Ru
Uskayaw


Innate Abilities, Weirdness & Mutations

You have very sharp fingernails.
You are surrounded by a moderate repulsion field. (EV +3)
You regenerate a little health from kills.


Message History

The gnoll sergeant hits you from afar with a +2 vorpal spear!
The gnoll sergeant completely misses you.
You reach to attack!
You barely miss the gnoll sergeant.
The gnoll sergeant is moderately wounded.
The gnoll sergeant misses you.
The gnoll sergeant hits you from afar with a +2 vorpal spear.
You reach to attack!
The gnoll shouts!
You puncture the gnoll sergeant!
The gnoll sergeant is heavily wounded.
You hear a shout!
The gnoll sergeant misses you.
You hear an angry growl.
You hear a shout!
You reach to attack!
You hit the gnoll sergeant but do no damage.
The gnoll sergeant is heavily wounded.
The gnoll sergeant hits you from afar with a +2 vorpal spear.
The gnoll sergeant barely misses you.
You reach to attack!
You barely miss the gnoll sergeant.
The gnoll sergeant is heavily wounded.
The gnoll sergeant hits you from afar with a +2 vorpal spear!
Unknown command.
You reach to attack!
You hit the gnoll sergeant but do no damage.
The gnoll sergeant is heavily wounded.
The gnoll sergeant hits you from afar with a +2 vorpal spear!
The gnoll sergeant misses you.
You are too injured to fight recklessly!
Unknown command.
You are too injured to fight recklessly!
Unknown command.
You are too injured to fight recklessly!
You hear a shout!
The gnoll sergeant barely misses you.
The gnoll sergeant rages.
The gnoll sergeant hits you from afar with a +2 vorpal spear!
* * * LOW HITPOINT WARNING * * *
x2 You feel yourself speed up.
The gnoll sergeant hits you from afar with a +2 vorpal spear!
You die...

###########
#[........#
#.........#
#.........#
###########.........#
##
....................#
#.
#######.###.........#
######.###########.#
#..........
........g..g.g.@...#
#..>......#
######.#############
#.........# ...
#####.##### #.#.
#######.##### (....
............[ ### ..
#######.##### ... #.#
..g ##.## ##...##


You could see a gnoll sergeant (berserk) and 2 gnolls.

Vanquished Creatures
  A water moccasin (D:5)
  An ice beast (D:5)
  2 black bears (D:5)
  An ogre (D:4)
  A centaur (D:6)
  A bullfrog (D:6)
  2 scorpions
  2 hounds (D:5)
  A bullfrog zombie (D:5)
  An iguana (D:4)
  4 adders
  2 gnolls
  A shadow imp (D:6)
  An ufetubus (D:4)
  2 dart slugs
  3 orcs
  8 ball pythons
  5 endoplasms
  A giant cockroach (D:4)
  6 hobgoblins
  14 jackals
  7 kobolds
  2 quokkas (D:2)
  3 bats
  5 frilled lizards
  10 goblins
  3 rats
90 creatures vanquished.

Vanquished Creatures (others)
  A plant (D:1)
1 creature vanquished.

Grand Total: 91 creatures vanquished

Notes
Turn   | Place    | Note
-------+----------+-------------------------------------------
     0 | D:1      | MirrMurr the Demonspawn Gladiator began the quest for the
                  | Orb.
     0 | D:1      | Reached XP level 1. HP: 16/16 MP: 1/1
   454 | D:1      | Gained mutation: You are surrounded by a mild repulsion
                  | field. (EV +2) [demonic ancestry]
   454 | D:1      | Reached XP level 2. HP: 22/22 MP: 2/2
   648 | D:1      | Reached skill level 3 in Polearms
   817 | D:1      | Found a faded altar of an unknown god.
  1376 | D:2      | Gained mutation: You regenerate a little health from kills.
                  | [demonic ancestry]
  1376 | D:2      | Reached XP level 3. HP: 10/28 MP: 3/3
  1865 | D:2      | Reached skill level 1 in Armour
  2561 | D:3      | Reached XP level 4. HP: 34/34 MP: 4/4
  2981 | D:4      | Identified a scroll of acquirement
  2981 | D:4      | Acquired a manual of Throwing
  2997 | D:4      | You fall into a shaft and drop 2 floors!
  2997 | D:6      | Noticed a bullfrog
  3000 | D:6      | Killed a bullfrog
  3001 | D:6      | Gained mutation: You are surrounded by a moderate repulsion
                  | field. (EV +3) [demonic ancestry]
  3001 | D:6      | Reached XP level 5. HP: 34/39 MP: 5/5
  3028 | D:6      | Noticed a centaur
  3038 | D:6      | Killed a centaur
  3039 | D:6      | Reached skill level 4 in Polearms
  3326 | D:5      | Entered Level 5 of the Dungeon
  3358 | D:4      | Reached XP level 6. HP: 20/47 MP: 6/6
  3779 | D:4      | Found a sacrificial altar of Ru.
  4210 | D:4      | Found a hide-covered altar of Uskayaw.
  4212 | D:4      | Found a snail-covered altar of Cheibriados.
  4651 | D:5      | Noticed an ice beast
  4676 | D:5      | Killed an ice beast
  4677 | D:5      | Gained mutation: You have sharp fingernails. [demonic
                  | ancestry]
  4677 | D:5      | Reached XP level 7. HP: 30/52 MP: 7/7
  4912 | D:5      | Reached skill level 5 in Polearms
  5412 | D:5      | Gained mutation: You have very sharp fingernails. [demonic
                  | ancestry]
  5412 | D:5      | Reached XP level 8. HP: 19/60 MP: 8/8
  5636 | D:5      | Found a staircase to the Ecumenical Temple.
  5718 | D:5      | Slain by a gnoll sergeant

Illustrated notes

Levels and vault maps discovered:
D:1:      dpeg_arrival_pond, layout_loops_ring, shapermc_ecumenical_altar_ellora
D:2:      layout_loops_ring, minmay_tetromino_i2
D:3:      layout_basic
D:4:      layout_loops_ring, nicolae_overflow_hidden_temple
D:5:      layout_loops_ring, kennysheep_little_box, temple_hall,
          ebering_ghost_inner_flame, cheibrodos_gnoll_hut,
          uniq_crazy_yiuf_cottage, uniq_eustachio
D:6:      layout_loops_ring, minmay_misc_feat_alley

Skill      XL: |  1  2  3  4  5  6  7 |
---------------+----------------------+-----
Throwing       | 2 3 4 |  4.8
Polearms       | 3 4 5 |  5.5
Dodging        | 3 4 |  4.3
Armour         | 1 2 3 |  3.1
Fighting       | 3 4 |  4.1

Action                   |  1- 3 |  4- 6 |  7- 9 || total
-------------------------+-------+-------+-------++-------
Melee: Trident           |   160 |   188 |    90 ||   438
Throw: Boomerang         |       |     2 |       ||     2
  Use: Scroll            |       |    12 |     2 ||    14
       Potion            |       |       |     4 ||     4
 Stab: Sleeping          |     2 |       |       ||     2
Armor: Leather armour    |    26 |     2 |       ||    28
       Scale mail        |       |    77 |    42 ||   119
Dodge: Dodged            |   114 |   120 |    94 ||   328

Table legend: (Time is in decaauts)
 A = Elapsed time spent in this place.
 B = Non-inter-level travel time spent in this place.
 C = Inter-level travel time spent in this place.
 D = Time resting spent in this place.
 E = Time spent auto-exploring this place.
 F = Levels seen in this place.
 G = Mean time per level.
                   A        B        C        D        E       F      G
               +--------+--------+--------+--------+--------+-----+--------+
         Total |   5765 |   5340 |    425 |      5 |   4408 |   6 |  960.8 |
       Dungeon |   5765 |   5340 |    425 |      5 |   4408 |   6 |  960.8 |
               +--------+--------+--------+--------+--------+-----+--------+

Top non-repeatable levels by time:
     D:4: 1304 daAuts
     D:5: 1195 daAuts
     D:1: 1169 daAuts
     D:2: 996 daAuts
     D:3: 768 daAuts
     D:6: 330 daAuts
